PCL
GRESHAM GOLD SOULS @ LANSING LUGNUTS
08/11/2025
 
TOP OF THE 1ST
Gresham Gold Souls batting - Pitching for Lansing Lugnuts : RHP Enrique Valdés
Pitching: RHP Enrique Valdés
Batting: LHB Luis Zúńiga 0-0: Ball
1-0: Called Strike
1-1: Foul Ball, location: 2F
1-2: Ball
2-2: Ball
3-2: Ground out U3 (Groundball, 3L)
Batting: LHB Jeff Doss 0-0: Swinging Strike
0-1: Called Strike
0-2: Ball
1-2: Ball
2-2: Foul Ball, location: 2F
2-2: Strikes out looking
Batting: RHB Arturo Rodríguez 0-0: Called Strike
0-1: Ball
1-1: Ball
2-1: Foul Ball, location: 2F
2-2: Strikes out looking
Top of the 1st over - 0 run(s), 0 hit(s), 0 error(s), 0 left on base; Gresham 0 - Lansing 0
BOTTOM OF THE 1ST
Lansing Lugnuts batting - Pitching for Gresham Gold Souls : RHP Luis Fernández
Pitching: RHP Luis Fernández
Batting: RHB Lorne Barnes 0-0: Ball
1-0: Ball
2-0: Called Strike
2-1: Ball
3-1: Ground out 6-3 (Groundball, 6M)
Batting: RHB David Murray 0-0: Foul Ball, location: 2F
0-1: DOUBLE (Line Drive, 7LM)
Batting: RHB Billy Campbell 0-0: Called Strike
0-1: Swinging Strike
0-2: Strikes out swinging
Batting: RHB Cris Fuentes 0-0: Fly out, F9 (Flyball, 89S)
Bottom of the 1st over - 0 run(s), 1 hit(s), 0 error(s), 1 left on base; Gresham 0 - Lansing 0
TOP OF THE 2ND
Gresham Gold Souls batting - Pitching for Lansing Lugnuts : RHP Enrique Valdés
Batting: RHB Lorenzo Morín 0-0: Called Strike
0-1: Ball
1-1: Fly out, F7 (Flyball, 78M)
Batting: SHB Todd Smith 0-0: Ball
1-0: Ball
2-0: Foul Ball, location: 2F
2-1: SINGLE (Flyball, 6MD)
Batting: RHB Michael Swanson 0-0: Ball
1-0: Fly out, F9 (Flyball, 89D)
Batting: RHB Rob Bailey 0-0: Ball
1-0: Ball
2-0: Called Strike
2-1: Called Strike
2-2: Ball
3-2: Ground out 4-3 (Groundball, 4M)
Top of the 2nd over - 0 run(s), 1 hit(s), 0 error(s), 1 left on base; Gresham 0 - Lansing 0
BOTTOM OF THE 2ND
Lansing Lugnuts batting - Pitching for Gresham Gold Souls : RHP Luis Fernández
Batting: RHB Júlio Caraballo 0-0: Swinging Strike
0-1: Foul Ball, location: 2F
0-2: Strikes out looking
Batting: LHB Don Ramey 0-0: Ground out 4-3 (Groundball, 4M)
Batting: RHB Lu-fang Huie 0-0: Ball
1-0: Called Strike
1-1: Ground out 5-3 (Groundball, 5S)
Bottom of the 2nd over - 0 run(s), 0 hit(s), 0 error(s), 0 left on base; Gresham 0 - Lansing 0
TOP OF THE 3RD
Gresham Gold Souls batting - Pitching for Lansing Lugnuts : RHP Enrique Valdés
Batting: RHB Kazushige Aoki 0-0: Foul Ball, location: 2F
0-1: Reached on error, E2 (Groundball, 2L)
Batting: RHB Luke McIndoe 0-0: Called Strike
0-1: Ball
1-1: Foul Ball, location: 2F
1-2: Strikes out looking
Batting: LHB Luis Zúńiga 0-0: Called Strike
0-1: Grounds into double play, 4-6-3 (Groundball, 4)
Top of the 3rd over - 0 run(s), 0 hit(s), 1 error(s), 0 left on base; Gresham 0 - Lansing 0
BOTTOM OF THE 3RD
Lansing Lugnuts batting - Pitching for Gresham Gold Souls : RHP Luis Fernández
Batting: RHB Kun Liu 0-0: Ball
1-0: Foul Ball, location: 2F
1-1: Ball
2-1: Ball
3-1: Fly out, F9 (Line Drive, 9LM)
Batting: RHB Félix García 0-0: Ball
1-0: Swinging Strike
1-1: Ball
2-1: Ball
3-1: Base on Balls
Batting: RHB Lorne Barnes 0-0: Ball
1-0: Called Strike
1-1: Foul Ball, location: 2F
1-2: Ball
2-2: Ball
3-2: SINGLE (Groundball, 34D)
Félix García to second
Félix García to third
Batting: RHB David Murray 0-0: Ball
Lorne Barnes is caught stealing 2nd base
1-0: Ball
2-0: Ball
3-0: Called Strike
3-1: Fly out, F8 (Flyball, 89D)
Bottom of the 3rd over - 0 run(s), 1 hit(s), 0 error(s), 1 left on base; Gresham 0 - Lansing 0
TOP OF THE 4TH
Gresham Gold Souls batting - Pitching for Lansing Lugnuts : RHP Enrique Valdés
Batting: LHB Jeff Doss 0-0: Swinging Strike
0-1: Ball
1-1: Ball
2-1: SINGLE (Groundball, 15S) (infield hit)
Batting: RHB Arturo Rodríguez 0-0: Called Strike
0-1: Ball
1-1: Called Strike
1-2: Fielders Choice at 2nd, 5-4 (Groundball, 56)
Batting: RHB Lorenzo Morín 0-0: Called Strike
0-1: Ball
1-1: Fielders Choice at 2nd, 3-6 (Groundball, 3)
Batting: SHB Todd Smith 0-0: Fly out, F8 (Flyball, 8LD)
Top of the 4th over - 0 run(s), 1 hit(s), 0 error(s), 1 left on base; Gresham 0 - Lansing 0
BOTTOM OF THE 4TH
Lansing Lugnuts batting - Pitching for Gresham Gold Souls : RHP Luis Fernández
Batting: RHB Billy Campbell 0-0: Swinging Strike
0-1: Foul Ball, location: 2F
0-2: Foul Ball, location: 2F
0-2: Ball
1-2: Ball
2-2: Ground out 6-3 (Groundball, 6)
Batting: RHB Cris Fuentes 0-0: Ball
1-0: SOLO HOME RUN (Flyball, 9LD), Distance : 376 ft
Batting: RHB Júlio Caraballo 0-0: Called Strike
0-1: Ball
1-1: Ground out 4-3 (Groundball, 4)
Batting: LHB Don Ramey 0-0: Called Strike
0-1: Ground out 4-3 (Groundball, 4)
Bottom of the 4th over - 1 run(s), 1 hit(s), 0 error(s), 0 left on base; Gresham 0 - Lansing 1
TOP OF THE 5TH
Gresham Gold Souls batting - Pitching for Lansing Lugnuts : RHP Enrique Valdés
Batting: RHB Michael Swanson 0-0: Swinging Strike
0-1: Ball
1-1: Foul Ball, location: 2F
1-2: Ball
2-2: Fly out, F6 (Popup, 56)
Batting: RHB Rob Bailey 0-0: Ball
1-0: Foul Ball, location: 2F
1-1: Ground out 6-3 (Groundball, 6M)
Batting: RHB Kazushige Aoki 0-0: Swinging Strike
0-1: Called Strike
0-2: Ball
1-2: Strikes out looking
Top of the 5th over - 0 run(s), 0 hit(s), 0 error(s), 0 left on base; Gresham 0 - Lansing 1
BOTTOM OF THE 5TH
Lansing Lugnuts batting - Pitching for Gresham Gold Souls : RHP Luis Fernández
Batting: RHB Lu-fang Huie 0-0: DOUBLE (Line Drive, 7LM)
Batting: RHB Kun Liu 0-0: Called Strike
0-1: Swinging Strike
0-2: Ground out 5-3 (Groundball, 5L)
Batting: RHB Félix García 0-0: Intentional Walk
Batting: RHB Lorne Barnes 0-0: Ball
1-0: Swinging Strike
1-1: Grounds into double play, 1-6-3 (Groundball, 13)
Bottom of the 5th over - 0 run(s), 1 hit(s), 0 error(s), 1 left on base; Gresham 0 - Lansing 1
TOP OF THE 6TH
Gresham Gold Souls batting - Pitching for Lansing Lugnuts : RHP Enrique Valdés
Batting: RHB Luke McIndoe 0-0: Ball
1-0: Called Strike
1-1: Swinging Strike
1-2: Ball
2-2: Ball
3-2: Strikes out swinging
Batting: LHB Luis Zúńiga 0-0: Swinging Strike
0-1: Ball
1-1: Ball
2-1: Ground out 4-3 (Groundball, 4MD)
Batting: LHB Jeff Doss 0-0: Ball
1-0: Ball
2-0: Called Strike
2-1: Swinging Strike
2-2: Ball
3-2: SINGLE (Line Drive, 56D)
Batting: RHB Arturo Rodríguez 0-0: Ball
1-0: Ball
2-0: Ground out 4-3 (Groundball, 4D)
Top of the 6th over - 0 run(s), 1 hit(s), 0 error(s), 1 left on base; Gresham 0 - Lansing 1
BOTTOM OF THE 6TH
Lansing Lugnuts batting - Pitching for Gresham Gold Souls : RHP Luis Fernández
Batting: RHB David Murray 0-0: Ball
1-0: Ball
2-0: Foul Ball, location: 2F
2-1: Ball
3-1: Ground out 6-3 (Groundball, 6)
Batting: RHB Billy Campbell 0-0: Foul Ball, location: 2F
0-1: Ball
1-1: SINGLE (Groundball, 6MD)
Batting: RHB Cris Fuentes 0-0: Grounds into double play, 6-4-3 (Groundball, 6M)
Bottom of the 6th over - 0 run(s), 1 hit(s), 0 error(s), 0 left on base; Gresham 0 - Lansing 1
TOP OF THE 7TH
Gresham Gold Souls batting - Pitching for Lansing Lugnuts : RHP Enrique Valdés
Batting: RHB Lorenzo Morín 0-0: Fly out, F6 (Popup, 6D)
Batting: SHB Todd Smith 0-0: Called Strike
0-1: Called Strike
0-2: Ground out 4-3 (Groundball, 4)
Batting: RHB Michael Swanson 0-0: Called Strike
0-1: Ball
1-1: Foul Ball, location: 2F
1-2: Ground out 6-3 (Groundball, 6)
Top of the 7th over - 0 run(s), 0 hit(s), 0 error(s), 0 left on base; Gresham 0 - Lansing 1
BOTTOM OF THE 7TH
Lansing Lugnuts batting - Pitching for Gresham Gold Souls : RHP Luis Fernández
Batting: RHB Júlio Caraballo 0-0: Swinging Strike
0-1: Foul Ball, location: 2F
0-2: Ball
1-2: Ball
2-2: Foul Ball, location: 2F
2-2: Strikes out looking
Batting: LHB Don Ramey 0-0: Called Strike
0-1: Foul Ball, location: 2F
0-2: Foul Ball, location: 2F
0-2: Ball
1-2: SINGLE (Line Drive, 34)
Pinch Hitting: LHB Iván Salas 0-0: Ball
Don Ramey steals 2nd base
1-0: Intentional Walk
Batting: RHB Kun Liu 0-0: Fly out, F8 (Flyball, 78M)
Batting: RHB Félix García 0-0: Called Strike
0-1: Called Strike
0-2: SINGLE (Flyball, 9LS)
Don Ramey to third
Iván Salas to second
Runner from 3rd tries for Home, SAFE, no throw or cutoff
Batting: RHB Lorne Barnes 0-0: Called Strike
0-1: Ball
1-1: Swinging Strike
1-2: Fly out, F4 (Line Drive, 4)
Bottom of the 7th over - 1 run(s), 2 hit(s), 0 error(s), 2 left on base; Gresham 0 - Lansing 2
TOP OF THE 8TH
Gresham Gold Souls batting - Pitching for Lansing Lugnuts : RHP Enrique Valdés
Now in CF: Iván Salas
Batting: RHB Rob Bailey 0-0: Ball
1-0: Foul Ball, location: 2F
1-1: Fly out, F8 (Line Drive, 8RS)
Batting: RHB Kazushige Aoki 0-0: Ball
1-0: SINGLE (Groundball, 56D)
Batting: RHB Luke McIndoe 0-0: Called Strike
0-1: Foul Ball, location: 2F
0-2: Ball
1-2: Fly out, F7 (Flyball, 7D)
Pitching: RHP Juan Álvarez
Batting: LHB Luis Zúńiga 0-0: Ball
1-0: Called Strike
1-1: SINGLE (Groundball, 6M)
Kazushige Aoki to second
Pitching: RHP Dae-hee Ch'oe
Batting: LHB Jeff Doss 0-0: Called Strike
0-1: Fly out, F4 (Popup, 4MS)
Top of the 8th over - 0 run(s), 2 hit(s), 0 error(s), 2 left on base; Gresham 0 - Lansing 2
BOTTOM OF THE 8TH
Lansing Lugnuts batting - Pitching for Gresham Gold Souls : RHP Luis Fernández
Batting: RHB David Murray 0-0: Ball
1-0: Ball
2-0: Ball
3-0: Called Strike
3-1: Ground out 6-3 (Groundball, 6)
Pitching: LHP Pepe Caro
Batting: RHB Billy Campbell 0-0: Ball
1-0: Ball
2-0: Ball
3-0: Called Strike
3-1: Called Strike
3-2: Foul Ball, location: 2F
3-2: Fly out, F2 (Popup, 2RF)
Batting: RHB Cris Fuentes 0-0: Fly out, F5 (Popup, 5L)
Bottom of the 8th over - 0 run(s), 0 hit(s), 0 error(s), 0 left on base; Gresham 0 - Lansing 2
TOP OF THE 9TH
Gresham Gold Souls batting - Pitching for Lansing Lugnuts : RHP Dae-hee Ch'oe
Pitching: RHP António Ramírez
Batting: RHB Arturo Rodríguez 0-0: Ball
1-0: Called Strike
1-1: Called Strike
1-2: Ground out 4-3 (Groundball, 4)
Batting: RHB Lorenzo Morín 0-0: Ball
1-0: Fly out, F4 (Popup, 4M)
Batting: SHB Todd Smith 0-0: Ball
1-0: Ball
2-0: Swinging Strike
2-1: Ball
3-1: Swinging Strike
3-2: Base on Balls
Batting: RHB Michael Swanson 0-0: Ball
1-0: SINGLE (Flyball, 9LS)
Todd Smith to second
Runner from 2nd tries for 3rd, SAFE, throw made to third
Pinch Hitting: RHB Pablo Castillo 0-0: Ball
1-0: Swinging Strike
1-1: Called Strike
1-2: Ball
2-2: Ball
3-2: Ground out 6-3 (Groundball, 6)
Top of the 9th over - 0 run(s), 1 hit(s), 0 error(s), 2 left on base; Gresham 0 - Lansing 2
This league is powered by Out of the Park Baseball, the baseball management simulation game for PC, Mac and Linux
Tuesday, August 2nd, 2016 - OOTP Baseball 16.8 Build 38